 Dungeon Crawl Stone Soup version 0.19.1-28-ge1247f7 (console) character file.

40818 Kloppie the Severer (level 13, -9/119 HPs)
             Began as a Pale Draconian Berserker on Jan 22, 2017.
             Was the Champion of Trog.
             Mangled by Snorg (13 damage)
             ... on level 1 of the Orcish Mines.
             The game lasted 00:31:47 (21689 turns).

Kloppie the Severer (Pale Draconian Berserker)     Turns: 21689, Time: 00:31:48

Health: -9/119     AC: 13    Str: 19    XL:     13   Next: 76%
Magic:  4/4        EV: 30    Int:  7    God:    Trog [******]
Gold:   1290       SH:  0    Dex: 17    Spells: 0 memorised, 12 levels left

rFire  + . .     SeeInvis .     a - +4 battleaxe (antimagic)
rCold  . . .     Gourm    .     (armour unavailable)
rNeg   . . .     Faith    +     (shield currently unavailable)
rPois  .         Spirit   .     I - +2 hat
rElec  .         Reflect  .     L - +2 cloak
rCorr  .         Harm     .     (no gloves)
MR     .....                    (no boots)
Stlth  ++........               l - amulet of faith
                                B - ring of Shaolin {EV+8}
                                q - ring of protection from fire

@: no status effects
A: breathe steam, unfitting armour, cold-blooded, AC +8
a: Breathe Steam, Berserk, Trog's Hand, Brothers in Arms, Burn Spellbooks,
Renounce Religion


You were on level 1 of the Orcish Mines.
You worshipped Trog.
Trog was exalted by your worship.
You were not hungry.

You visited 3 branches of the dungeon, and saw 16 of its levels.
You also visited: Labyrinth and Sewer.

You collected 1290 gold pieces.

Inventory:

Hand Weapons
 a - a +4 antimagic battleaxe (weapon)
 b - a +3 mace of freezing
 J - a +6 broad axe of electrocution
Armour
 I - a +2 hat (worn)
 L - a +2 cloak (worn)
Jewellery
 l - an amulet of faith (around neck)
 p - an uncursed ring of ice
 q - a ring of protection from fire (left hand)
 B - the ring of Shaolin (right hand) {EV+8}
   (You found it in a labyrinth)

   [ring of evasion]

   It affects your evasion (+8).
 F - an uncursed amulet of magic regeneration {unknown}
 P - the ring "Efygg" {Fire rPois MR+ Int+4}
   (You found it on level 5 of the Lair of Beasts)

   [ring of fire]

   It enhances your fire magic.
   It affects your intelligence (+4).
   It protects you from fire.
   It makes you vulnerable to cold.
   It protects you from poison.
   It affects your resistance to hostile enchantments.
Wands
 i - a wand of paralysis (19/24)
 u - a wand of disintegration (13/24)
 A - a wand of polymorph (13/24)
 K - a wand of disintegration (9/24)
 N - a wand of lightning (4/15)
Scrolls
 e - 4 scrolls of enchant armour
 g - 5 scrolls of recharging
 j - 5 scrolls of fear
 o - 2 scrolls of remove curse
 v - 3 scrolls of magic mapping
 y - a scroll of blinking
 C - 7 scrolls of teleportation
 E - 4 scrolls of enchant weapon
 H - a scroll of silence
Potions
 c - 3 potions of curing
 f - 3 potions of ambrosia
 k - 2 potions of brilliance
 m - a potion of agility
 n - 5 potions of magic
 r - 2 potions of lignification
 D - 2 potions of flight
Comestibles
 d - 3 beef jerkies
 h - 7 meat rations
 s - 6 bread rations
 t - 7 chunks of flesh
 w - 7 royal jellies
 x - a slice of pizza
 G - 20 fruits


   Skills:
 - Level 12.5 Fighting
 + Level 18.0 Axes
 - Level 12.6 Dodging


You had 12 spell levels left.
You didn't know any spells.

Dungeon Overview and Level Annotations

Branches:
Dungeon (10/15)            Temple (0/1) D:5            Lair (5/6) D:8
  Swamp (0/4) Lair:4        Snake (0/4) Lair:2        Slime (0/5) Lair:5
    Orc (1/2) D:10

Altars:
Ashenzari
Cheibriados
Hepliaklqana
Kikubaaqudgha
Makhleb
Qazlal
Ru
Sif Muna
Uskayaw
Xom
Yredelemnul
Zin
The Shining One
Jiyva

Shops:
D:3 *   D:9 }

Annotations:
Lair:4 exclusion: oklob plant
Orc:1 Snorg


Innate Abilities, Weirdness & Mutations

You can breathe blasts of scalding, opaque steam.
Your pale cyan-grey scales are hard. (AC +8)
You cannot fit into any form of body armour.
You are cold-blooded and may be slowed by cold attacks.


Message History

Snorg is moderately wounded.
You hit the orc priest. Snorg closely misses you. Snorg claws you.
Snorg completely misses you. The orc priest completely misses you.
You slash the orc priest!
You kill the orc priest!
Trog accepts your kill.
You slash Snorg! Snorg closely misses you. Snorg claws you!
Snorg completely misses you.
You slice Snorg!!
Your tail-slap misses Snorg.
Snorg is heavily wounded.
Snorg completely misses you. Snorg claws you!
* * * LOW HITPOINT WARNING * * *
Snorg claws you!
* * * LOW HITPOINT WARNING * * *
Snorg bites you!!
* * * LOW HITPOINT WARNING * * *
Snorg claws you!
* * * LOW HITPOINT WARNING * * *
Snorg claws you!
You die...

.≈≈..
##......#..##
#..........#
#.........## #
###........## #
..#...........#
#
..............##
#..........# .
##..#.#.#...#
...
#)@.#####...#
### #)T#.# ##.##
#......# ###
...$....#
.....#....
#..$.. #..##
##.#.. ### ####.


You could see Snorg (berserk).

Vanquished Creatures
  Gastronok (D:9)
  A minotaur (Lab)
  Fannar (Lair:1)
  The ghost of Kloppie the Cleaver, a journeyman DrBe of Trog (D:10)
  5 hydras
  Erolcha (D:10)
  A centaur warrior (D:10)
  4 death yaks (Lair:5)
  3 hill giants (D:10)
  Maurice (Orc:1)
  2 black mambas
  Joseph (D:10)
  4 elephants (Lair:3)
  A torpor snail (Lair:5)
  2 molten gargoyles (Lair:3)
  2 centaur skeletons (D:10)
  6 spiny frogs
  10 komodo dragons
  5 rime drakes
  A queen bee (D:10)
  A troll (Orc:1)
  Grinder (D:6)
  Prince Ribbit (D:7)
  7 blink frogs
  5 hippogriffs
  2 shadows (Lab)
  3 wyverns
  2 redbacks (Lab)
  27 yaks
  A basilisk (Lair:5)
  3 steam dragons
  4 nagas (Lair:2)
  2 wargs (Orc:1)
  6 water moccasins
  A black bear (Lair:1)
  10 porcupines
  An ice beast (D:7)
  3 orc warriors (Orc:1)
  9 ogres
  4 phantoms
  A sky beast (D:5)
  A necrophage (D:8)
  6 wolves (Lair:1)
  9 centaurs
  6 crocodiles
  14 bullfrogs
  5 big kobolds
  A water moccasin skeleton (D:8)
  3 scorpions
  21 killer bees (D:10)
  3 vampire bats (D:2)
  3 wights (D:9)
  A howler monkey (D:5)
  4 electric eels (Lair:4)
  5 lava snakes (Lair:3)
  7 crimson imps
  A centaur zombie (D:7)
  A bullfrog zombie (D:7)
  3 orc priests
  6 hounds
  12 orc wizards
  Crazy Yiuf (D:6)
  2 bullfrog skeletons
  Jessica (D:2)
  Terence (D:3)
  11 iguanas
  Natasha (thrice) (D:2)
  9 worker ants
  A worker ant zombie (D:9)
  Robin (D:3)
  A howler monkey skeleton (D:4)
  7 gnolls
  16 adders
  2 river rats (Sewer)
  2 shadow imps
  2 oozes
  An adder zombie (D:5)
  3 adder skeletons
  7 worms
  4 dart slugs
  4 leopard geckos
  37 orcs
  3 ball pythons
  3 bat skeletons (D:2)
  2 bat zombies (D:2)
  16 giant cockroaches
  20 goblins
  13 hobgoblins
  14 jackals
  8 quokkas
  9 bats
  4 frilled lizards
  2 jackal skeletons
  26 kobolds
  A leopard gecko skeleton (D:7)
  A quokka zombie (D:6)
  8 rats
  3 fungi
  2 plants
510 creatures vanquished.

Vanquished Creatures (others)
  A fungus (Lair:5)
  11 plants (D:8)
12 creatures vanquished.

Grand Total: 522 creatures vanquished

Notes
Turn   | Place    | Note
-------+----------+-------------------------------------------
     0 | D:1      | Kloppie the Draconian Berserker began the quest for the Orb.
     0 | D:1      | Reached XP level 1. HP: 19/19 MP: 1/1
   181 | D:1      | Reached XP level 2. HP: 26/26 MP: 2/2
   633 | D:1      | Reached ** piety under Trog
   647 | D:1      | Reached XP level 3. HP: 28/33 MP: 3/3
   808 | D:2      | Noticed Jessica
   832 | D:2      | Killed Jessica
   918 | D:2      | Reached skill level 4 in Axes
   930 | D:2      | Reached XP level 4. HP: 41/41 MP: 4/4
  1219 | D:2      | Noticed Natasha
  1229 | D:2      | Killed Natasha
  1633 | D:2      | Reached skill level 5 in Fighting
  1651 | D:2      | Found an ancient bone altar of Kikubaaqudgha.
  1672 | D:2      | Reached XP level 5. HP: 36/48 MP: 5/5
  1775 | D:2      | Reached skill level 5 in Axes
  1784 | D:2      | Noticed Natasha
  1792 | D:2      | Killed Natasha
  1792 | D:2      | Reached XP level 6. HP: 31/57 MP: 6/6
  2004 | D:2      | Noticed Natasha
  2010 | D:2      | Reached *** piety under Trog
  2016 | D:2      | Killed Natasha
  2139 | D:3      | Found a burning altar of Makhleb.
  2139 | D:3      | Found a hazy altar of Hepliaklqana.
  2273 | D:3      | Found Zin's Purification Station.
  2277 | D:3      | Found a glowing silver altar of Zin.
  2341 | D:3      | Noticed Terence
  2360 | D:3      | Killed Terence
  2477 | D:3      | Reached **** piety under Trog
  2632 | D:3      | Found a glowing drain.
  2637 | Sewer    | Entered a sewer
  2707 | Sewer    | Your scales start taking on a pale cyan-grey colour.
  2707 | Sewer    | Reached XP level 7. HP: 34/64 MP: 7/7
  2711 | Sewer    | Reached skill level 6 in Axes
  3644 | D:3      | Found a sacrificial altar of Ru.
  3700 | D:3      | Noticed Robin
  3706 | D:3      | Killed Robin
  4324 | D:4      | Reached skill level 7 in Axes
  4337 | D:4      | Reached XP level 8. HP: 39/74 MP: 8/8
  5072 | D:5      | Entered Level 5 of the Dungeon
  5430 | D:5      | Reached ***** piety under Trog
  5600 | D:5      | Reached skill level 8 in Axes
  5798 | D:5      | Found a staircase to the Ecumenical Temple.
  6008 | D:5      | Found a hide-covered altar of Uskayaw.
  6165 | D:6      | Noticed Grinder
  6177 | D:6      | Paralysed by Grinder for 5 turns
  6195 | D:6      | Killed Grinder
  6246 | D:6      | Reached XP level 9. HP: 47/85 MP: 9/9
  6492 | D:6      | Found a basalt altar of Yredelemnul.
  6493 | D:6      | Found a deep blue altar of Sif Muna.
  6493 | D:6      | Found a stormy altar of Qazlal.
  6494 | D:6      | Found a shattered altar of Ashenzari.
  6494 | D:6      | Found a snail-covered altar of Cheibriados.
  6571 | D:6      | Found a glowing golden altar of the Shining One.
  6746 | D:6      | Received a gift from Trog
  6923 | D:6      | Found a runed door.
  7299 | D:6      | Noticed Crazy Yiuf
  7306 | D:6      | Killed Crazy Yiuf
  7393 | D:7      | Reached skill level 10 in Fighting
  7406 | D:7      | Reached skill level 9 in Axes
  7682 | D:7      | Noticed Prince Ribbit
  7707 | D:7      | Killed Prince Ribbit
  8374 | D:7      | Found an ancient bone altar of Kikubaaqudgha.
  8479 | D:7      | Received a gift from Trog
  8725 | D:8      | Reached skill level 10 in Axes
  8735 | D:8      | Found a staircase to the Lair.
  8736 | D:8      | Noticed a komodo dragon
  9212 | D:8      | Found a shimmering altar of Xom.
  9471 | D:8      | Reached skill level 11 in Axes
  9471 | D:8      | Reached XP level 10. HP: 78/95 MP: 10/10
  9996 | D:9      | Found Jushruoz's Gadget Shoppe.
 10222 | D:9      | Noticed Gastronok
 10237 | D:9      | Killed Gastronok
 10237 | D:9      | Reached skill level 12 in Axes
 11181 | D:10     | Entered Level 10 of the Dungeon
 11190 | D:10     | Reached skill level 13 in Axes
 11260 | D:10     | Noticed Joseph
 11270 | D:10     | Killed Joseph
 11410 | D:10     | Noticed Erolcha
 11413 | D:10     | Killed Erolcha
 11419 | D:10     | Reached XP level 11. HP: 25/102 MP: 11/11
 11656 | D:10     | Noticed Kloppie's ghost (journeyman DrBe)
 11667 | D:10     | Killed Kloppie's ghost
 11667 | D:10     | Reached skill level 14 in Axes
 11953 | D:10     | Noticed a centaur warrior
 11958 | D:10     | HP: 3/102 [killer bee (7)]
 11964 | D:10     | Killed a centaur warrior
 12319 | D:10     | Noticed a hill giant
 12330 | D:10     | Killed a hill giant
 12360 | D:10     | Noticed a hill giant
 12368 | D:10     | Killed a hill giant
 12418 | D:10     | Noticed a hill giant
 12430 | D:10     | Reached skill level 15 in Axes
 12435 | D:10     | Killed a hill giant
 12618 | D:10     | Found a staircase to the Orcish Mines.
 13498 | Lair:1   | Entered Level 1 of the Lair of Beasts
 13498 | Lair:1   | Noticed a four-headed hydra
 13507 | Lair:1   | Killed a four-headed hydra
 13749 | Lair:1   | Found a labyrinth entrance.
 13773 | Lab      | Entered a labyrinth
 15266 | Lab      | Noticed a minotaur
 15275 | Lab      | Killed a minotaur
 15275 | Lab      | Reached XP level 12. HP: 43/112 MP: 12/12
 15565 | Lab      | Got an ancient scimitar
 15622 | Lair:1   | Reached skill level 16 in Axes
 15623 | Lair:1   | Received a gift from Trog
 15655 | Lair:1   | Noticed Fannar
 15682 | Lair:1   | Killed Fannar
 16003 | Lair:1   | Found an ancient bone altar of Kikubaaqudgha.
 16410 | Lair:1   | Noticed a four-headed hydra
 16420 | Lair:1   | Killed a four-headed hydra
 16976 | Lair:2   | Found a staircase to the Snake Pit.
 17009 | Lair:2   | Reached skill level 5 in Dodging
 17931 | Lair:3   | Reached XP level 13. HP: 90/119 MP: 13/13
 18198 | Lair:3   | Reached skill level 10 in Dodging
 19029 | Lair:4   | Reached ****** piety under Trog
 19083 | Lair:4   | Found a staircase to the Swamp.
 19955 | Lair:5   | Found a viscous altar of Jiyva.
 19956 | Lair:5   | Found a staircase to the Slime Pits.
 20158 | Lair:5   | Reached skill level 17 in Axes
 20538 | Lair:5   | Received a gift from Trog
 20820 | Lair:5   | Found a runed door.
 21127 | Lair:5   | Got a pitted steel ring
 21134 | Lair:5   | Identified the ring "Efygg" {Fire rPois MR+ Int+4} (You found it on level 5 of the Lair of Beasts)
 21314 | Orc:1    | Entered Level 1 of the Orcish Mines
 21412 | Orc:1    | Noticed Maurice
 21430 | Orc:1    | Killed Maurice
 21641 | Orc:1    | Reached skill level 18 in Axes
 21672 | Orc:1    | Noticed Snorg
 21689 | Orc:1    | HP: 4/119 [Snorg (12)]
 21689 | Orc:1    | Mangled by Snorg

Skill      XL: |  1  2  3  4  5  6  7  8  9 10 11 12 13 |
---------------+----------------------------------------+-----
Fighting       | 4 5 6 8 9 11 12 | 12.5
Axes           | 4 5 7 8 11 13 15 16 18 | 18.0
Dodging        | 9 12 | 12.6

Action                   |  1- 3 |  4- 6 |  7- 9 | 10-12 | 13-15 || total
-------------------------+-------+-------+-------+-------+-------++-------
Melee: Hand axe          |    91 |   281 |   557 |       |       ||   929
       Tailslap          |     6 |    34 |    80 |    76 |    47 ||   243
       Broad axe         |       |       |    42 |   415 |   178 ||   635
       Mace              |       |       |       |    16 |    31 ||    47
       Battleaxe         |       |       |       |       |    82 ||    82
Invok: Berserk           |       |     6 |     4 |    10 |     2 ||    22
       Trog's Hand       |       |     3 |     1 |     5 |     1 ||    10
 Abil: Breathe Steam     |       |       |     1 |     4 |       ||     5
  Use: Potion            |       |       |    11 |     6 |       ||    17
       Scroll            |       |       |     8 |    14 |     5 ||    27
 Stab: Sleeping          |     4 |       |     1 |     3 |       ||     8
       Distracted        |       |       |     2 |     3 |       ||     5
  Eat: Chunk             |       |    13 |    20 |    21 |    15 ||    69
       Meat ration       |       |       |     1 |     1 |       ||     2
       Royal jelly       |       |       |     1 |     1 |       ||     2
       Bread ration      |       |       |       |     2 |       ||     2
Armor: Skin              |    36 |   113 |   155 |   123 |    30 ||   457
Dodge: Dodged            |    56 |   263 |   314 |   369 |   302 ||  1304
